 Dungeon Crawl Stone Soup version 0.31-a0-233-g139696dc86 (webtiles) character file.

Game seed: 4441034455991474737

77 Decritt the Trooper (level 4, -3/29 HPs)
             Began as a Gargoyle Fighter on July 9, 2023.
             Slain by an orc
             ... wielding a +0 flail
              (5 damage)
             ... on level 3 of the Dungeon.
             The game lasted 00:02:49 (1789 turns).

Decritt the Trooper (Gargoyle Fighter)              Turns: 1789, Time: 00:02:50

Health: -3/29      AC: 11    Str: 22    XL:     4   Next: 33%
Magic:  4/4        EV:  9    Int:  8    God:
Gold:   151        SH:  4    Dex:  9    Spells: 3/3 levels left

rFire   . . .        a - +0 flail
rCold   . . .        c - +0 buckler
rNeg    + . .        b - +0 scale mail
rPois   ∞            (no helmet)
rElec   +            p - +0 cloak
rCorr   .            (no gloves)
SInv    .            (no boots)
Will    .....        (no amulet) Stlth
                     (no ring)
HPRegen 0.24/turn    (no ring)
MPRegen 0.09/turn

%: no passive effects
@: no status effects
A: sickness immunity, AC +3, negative energy resistance 1, electricity
resistance, torment resistance 1, petrification resistance
a: no special abilities


You were on level 3 of the Dungeon.
You visited 1 branch of the dungeon, and saw 3 of its levels.

You collected 151 gold pieces.

Inventory:

Hand Weapons
 a - a +0 flail (weapon)
Armour
 b - a +0 scale mail (worn)
 c - a +0 buckler (worn)
 p - a +0 cloak (worn)
Scrolls
 e - a scroll of revelation {unknown}
 f - a scroll of noise {unknown}
 h - 2 scrolls of brand weapon {unknown}
 j - a scroll of immolation {unknown}
 n - a scroll of identify {unknown}
 o - 2 scrolls of amnesia {unknown}
Potions
 d - a potion of might
 g - a potion of invisibility
 i - a potion of lignification {unknown}
 k - 3 potions of curing {unknown}
 l - 2 potions of ambrosia {unknown}
 m - a potion of enlightenment {unknown}


   Skills:
 * Level 4.1 Fighting
 * Level 3.0 Maces & Flails
 + Level 3.7 Armour
 + Level 3.7 Shields


You had 3 spell levels left.
You didn't know any spells.
Your spell library contained the following spells:

 Spells                   Type           Power      Damage    Failure   Level
 Petrify                  Tmut/Erth      0%         N/A       100%        4
 Irradiate                Conj/Tmut      0%         3d11      100%        5
 Sublimation of Blood     Necr           Unusable   N/A       N/A         2

Dungeon Overview and Level Annotations

Branches:
Dungeon (3/15)

Altars:

Shops:
D:3 (

Annotations:
D:2 Sigmund


Innate Abilities, Weirdness & Mutations

You are immune to sickness and miasma.
Your stone body is resilient. (AC +3)
You are immune to poison.
You resist negative energy. (rN+)
You are resistant to electric shocks. (rElec)
You are resistant to unholy torment.
You are immune to petrification.


Message History

You block the orc's attack.
You barely miss the orc.
An orc comes into view. It is wielding a +0 short sword.
You completely miss the orc. The orc hits you but does no damage.
You block the orc's attack. The orc closely misses you.
You hit the orc.
The orc is almost dead.
The orc barely misses you. The orc hits you with a +0 falchion.
You closely miss the orc.
The orc is almost dead.
The orc hits you but does no damage. The orc hits you with a +0 falchion.
You sock the orc!
You kill the orc!
You hit the orc but do no damage. The orc hits you with a +0 flail.
The orc hits you but does no damage. The orc barely misses you.
The orc hits you but does no damage.
You sock the orc!
You kill the orc!
You barely miss the orc. The orc hits you with a +0 flail.
You barely miss the orc. The orc hits you but does no damage.
The orc hits you with a +0 flail.
* * * LOW HITPOINT WARNING * * *
The orc hits you but does no damage. The orc hits you with a +0 flail.
* * * LOW HITPOINT WARNING * * *
You closely miss the orc. The orc hits you with a +0 short sword.
* * * LOW HITPOINT WARNING * * *
The orc barely misses you.
You hit the orc.
The orc is almost dead.
You block the orc's attack. The orc hits you with a +0 flail!
* * * LOW HITPOINT WARNING * * *
You closely miss the orc.
The orc is almost dead.
The orc completely misses you. The orc hits you but does no damage.
You hit the orc but do no damage.
The orc is almost dead.
The orc hits you but does no damage. The orc hits you with a +0 flail.
* * * LOW HITPOINT WARNING * * *
You block the orc's attack. The orc hits you with a +0 flail.
You die...

...# #........#####
#.###..#####...).......).
..oo................#####
...o.?...........÷.......
#..#..>####.#######
##.......##.#
#..##.#....#
#####o###.<#...# #...o@#
##..#..###### #.#.###
##.........## #.
###..#.....# # ##.####..#
#....#..< #....#.##
#....#.## #....#.#.
#....#.#.


You could see 2 orcs.

Vanquished Creatures
  An adder (D:2)
  2 worms (D:2)
  3 orcs (D:3)
  3 ball pythons
  8 endoplasms
  2 giant cockroaches
  7 goblins
  4 hobgoblins
  3 jackals (D:1)
  5 kobolds
  3 quokkas
  A frilled lizard (D:1)
  10 rats
52 creatures vanquished.

Notes
Turn   | Place    | Note
-------+----------+-------------------------------------------
     0 | D:1      | Decritt the Gargoyle Fighter began the quest for the Orb.
     0 | D:1      | Reached XP level 1. HP: 14/14 MP: 1/1
    86 | D:1      | Reached XP level 2. HP: 19/19 MP: 2/2
   601 | D:1      | Reached XP level 3. HP: 21/24 MP: 3/3
   933 | D:2      | Found a faded altar of an unknown god.
  1071 | D:2      | Identified the +0 leather armour of Yredelemnul's Whim
                  | {Harm rCorr Dex+2 Stlth+}
  1087 | D:2      | Reached skill level 4 in Fighting
  1360 | D:2      | Reached XP level 4. HP: 29/29 MP: 4/4
  1375 | D:2      | Noticed Sigmund
  1631 | D:3      | Found Vatzeol's Weapon Shop.
  1789 | D:3      | Slain by an orc

Illustrated notes

Levels and vault maps discovered:
D:1:      erik_arrival_orb_chamber, layout_basic, minmay_rat_gold_closets
D:2:      layout_basic, dreamdust_ecumenical_altar_grove, uniq_sigmund
D:3:      layout_rooms, serial_shops, shop, uniq_grinder

Skill      XL: |  1  2  3  4 |
---------------+-------------+-----
Fighting       | 4 |  4.1
Maces & Flails | 3 |  3.0
Armour         | |  3.7
Shields        | |  3.7

Action                     |  1- 3 |  4- 6 || total
---------------------------+-------+-------++-------
  Melee: Flail             |   125 |    38 ||   163
 Armour: Scale mail        |    61 |    20 ||    81
  Dodge: Dodged            |    70 |    17 ||    87
  Block: Buckler           |    23 |    11 ||    34

Table legend: (Time is in decaauts)
 A = Elapsed time spent in this place.
 B = Non-inter-level travel time spent in this place.
 C = Inter-level travel time spent in this place.
 D = Time resting spent in this place.
 E = Time spent auto-exploring this place.
 F = Levels seen in this place.
 G = Mean time per level.
                   A        B        C        D        E       F      G
               +--------+--------+--------+--------+--------+-----+--------+
         Total |   1837 |   1785 |     52 |      0 |   1321 |   3 |  612.3 |
       Dungeon |   1837 |   1785 |     52 |      0 |   1321 |   3 |  612.3 |
               +--------+--------+--------+--------+--------+-----+--------+

Top non-repeatable levels by time:
     D:1: 876 daAuts
     D:2: 577 daAuts
     D:3: 383 daAuts
